 Dungeon Crawl Stone Soup version 0.30-b1-2-g02819fbbbe (webtiles) character file.

Game seed: 6169348720426694539

310 sanka the Vexing (level 5, -1/42 HPs)
             Began as a Demigod Enchanter on May 17, 2023.
             Slain by a hound (3 damage)
             ... on level 4 of the Dungeon.
             The game lasted 00:06:43 (4776 turns).

sanka the Vexing (Demigod Enchanter)                Turns: 4776, Time: 00:06:44

Health: -1/42      AC:  4    Str:  9    XL:     5   Next: 96%
Magic:  19/19      EV: 13    Int: 21    God:
Gold:   44         SH:  0    Dex: 14    Spells: 5/8 levels left

rFire   . . .        a - +2 falchion (elec)
rCold   . . .        (no shield)
rNeg    + . .        l - +0 robe
rPois   .            H - +0 helmet
rElec   .            (no cloak)
rCorr   .            C - +0 pair of gloves
SInv    .            (no boots)
Will    .....        m - amulet of the acrobat
Stlth   ++           d - ring of magical power
HPRegen 0.27/turn    D - ring of positive energy
MPRegen 0.16/turn

%: acrobat
@: no status effects
A: high MP 1, forlorn, divine attributes
a: no special abilities


You were on level 4 of the Dungeon.
You visited 1 branch of the dungeon, and saw 5 of its levels.

You collected 181 gold pieces.
You spent 137 gold pieces at shops.

Inventory:

Hand Weapons
 a - a +2 falchion of electrocution (weapon)
 b - a +0 flail
 s - a +0 mace of holy wrath
 A - a +0 scimitar
 G - a +1 dagger of venom
Missiles
 e - 2 throwing nets {=f}
Armour
 l - a +0 robe (worn)
 C - a +0 pair of gloves (worn)
 H - a +0 helmet (worn)
Jewellery
 d - a ring of magical power (left hand)
 m - an amulet of the acrobat (around neck)
 D - a ring of positive energy (right hand)
Wands
 x - a wand of acid (12)
 B - a wand of flame (12)
 E - a wand of charming (4)
Scrolls
 f - 3 scrolls of teleportation {@r4}
 j - 3 scrolls of fog
 o - a scroll of magic mapping
 p - a scroll of enchant weapon
 q - a scroll of torment {!r}
 r - a scroll of amnesia {unknown}
 u - a scroll of brand weapon {unknown}
 w - 2 scrolls of enchant armour
 y - a scroll of blinking
 z - a scroll of vulnerability {unknown}
Potions
 c - a potion of invisibility
 g - a potion of resistance {unknown}
 h - a potion of lignification {unknown}
 i - a potion of curing {unknown}
 k - 2 potions of degeneration {unknown}
 n - a potion of magic {unknown}
 t - 2 potions of heal wounds {unknown}
 v - 4 potions of might {unknown}
 F - a potion of berserk rage {unknown}


   Skills:
 + Level 2.3 Fighting
 - Level 0.8 Short Blades
 + Level 3.1 Dodging
 - Level 2.6 Stealth
 - Level 2.0 Spellcasting
 - Level 5.0 Hexes


You had 5 spell levels left.
You knew the following spells:

 Your Spells              Type           Power      Damage    Failure   Level
a - Confusing Touch       Hex            23%        N/A       5%          3

Your spell library contained the following spells:

 Spells                   Type           Power      Damage    Failure   Level
 Tukima's Dance           Hex            23%        N/A       5%          3
 Ensorcelled Hibernation  Hex/Ice        24%        N/A       8%          2
 Dazzling Flash           Conj/Hex       24%        N/A       16%         3


Dungeon Overview and Level Annotations

Branches:
Dungeon (5/15)
 Temple: D:4-7

Shops:
D:4 ?


Innate Abilities, Weirdness & Mutations

You have an increased reservoir of magic. (+10% MP)
You shall have no god before yourself.
Your divine heritage dramatically boosts your attributes as you level up.


Message History

The hound bites you. The hound barely misses you.
You are too injured to fight recklessly!
You are too injured to fight recklessly!
You are too injured to fight recklessly!
You are too injured to fight recklessly!
You are too injured to fight recklessly!
You are too injured to fight recklessly!
You are too injured to fight recklessly!
You closely miss the hound.
The hound is severely wounded.
The hound bites you. x2
You closely miss the hound.
The hound is severely wounded.
The hound stops to sniff the ground.
The hound bites you. The hound barely misses you.
You closely miss the hound.
The hound is severely wounded.
The hound bites you. The hound bites you but does no damage.
You closely miss the hound.
The hound is severely wounded.
The hound completely misses you. The hound bites you but does no damage.
You closely miss the hound.
The hound is severely wounded.
The hound misses you. The hound closely misses you.
You barely miss the hound.
The hound is severely wounded.
The hound bites you.
* * * LOW HITPOINT WARNING * * *
The hound closely misses you.
You hit the hound.
The hound is almost dead.
The hound barely misses you. The hound bites you.
* * * LOW HITPOINT WARNING * * *
Unknown command.
You hit the hound but do no damage.
The hound is almost dead.
The hound bites you.
* * * LOW HITPOINT WARNING * * *
The hound bites you.
You die...

############## #.>..........#
#.##########.# #.# #.#
###.##########.######## #####
#..#......##..........# #....
#.#.#####..........##.####.###
####....#######h#.###.##<..##.###
..........#.....@........#......รท
####....#.#.###.#..##.##..).....#
###.#.##.#.###.#..##.##.####.<##
#...#.##..........##.##.# #..#
#.##...).........###.##.# #..#
##.##.#####.###.### #.##.# #..##
............# #.# #.##.# #..##
##.##.#####.# #.#####.##.# #..#.
##.##.# #.###..........# #....


You could see a hound.

Vanquished Creatures
  A scorpion (D:4)
  A hound (D:4)
  A sleepcap (D:5)
  A gnoll bouda (D:2)
  An iguana (D:2)
  An orc wizard (D:4)
  Robin (D:4)
  2 adders
  3 worms
  A dart slug (D:1)
  2 orcs
  6 endoplasms
  4 giant cockroaches
  16 goblins
  9 hobgoblins
  4 quokkas
  4 ball pythons
  3 bats
  6 frilled lizards
  4 kobolds
  7 rats
78 creatures vanquished.

Notes
Turn   | Place    | Note
-------+----------+-------------------------------------------
     0 | D:1      | sanka the Demigod Enchanter began the quest for the Orb.
     0 | D:1      | Reached XP level 1. HP: 14/14 MP: 5/5
   276 | D:1      | Reached skill level 3 in Hexes
   422 | D:1      | Reached XP level 2. HP: 19/20 MP: 7/7
  1167 | D:2      | Reached XP level 3. HP: 26/26 MP: 8/8
  1171 | D:2      | Learned a level 3 spell: Confusing Touch
  1442 | D:2      | Reached skill level 4 in Hexes
  1789 | D:2      | Reached XP level 4. HP: 31/33 MP: 9/9
  3028 | D:3      | Reached skill level 5 in Hexes
  4135 | D:4      | Reached skill level 1 in Fighting
  4135 | D:4      | Reached XP level 5. HP: 36/40 MP: 10/10
  4186 | D:4      | Found Tachoebli's Magic Scroll Shoppe.
  4286 | D:4      | Noticed Robin
  4299 | D:4      | Killed Robin
  4647 | D:4      | Bought a scroll of blinking for 82 gold pieces
  4647 | D:4      | Bought a scroll of teleportation for 33 gold pieces
  4647 | D:4      | Bought a scroll of identify for 22 gold pieces
  4679 | D:5      | Entered Level 5 of the Dungeon
  4776 | D:4      | HP: 2/42 [hound (5)]
  4776 | D:4      | Slain by a hound

Illustrated notes

Levels and vault maps discovered:
D:1:      ebering_hopf_link, layout_loops_ring
D:2:      layout_basic, shapermc_ecumenical_altar_hornbeckon, minmay_hexomino_p4
D:3:      layout_basic, kennysheep_nub, nrook_mini_vaults
D:4:      layout_loops_ring, kennysheep_windowed_goal, uniq_robin
D:5:      layout_cave_pools, nicolae_qazlal_eye_of_the_storm,
          minmay_ogre_servants, uniq_duvessa

Skill      XL: |  1  2  3  4  5 |
---------------+----------------+-----
Spellcasting   | 2 |  2.0
Hexes          | 3 4 5 |  5.0
Fighting       | 1 2 |  2.3
Dodging        | 2 3 |  3.1
Short Blades   | |  0.8
Stealth        | |  2.6

Action                     |  1- 3 |  4- 6 || total
---------------------------+-------+-------++-------
  Melee: Dagger            |   126 |    79 ||   205
         Punch             |     1 |     1 ||     2
         Falchion          |       |    40 ||    40
   Cast: Confusing Touch   |     2 |     1 ||     3
    Use: Potion            |     1 |       ||     1
         Scroll            |       |     5 ||     5
   Stab: Sleeping          |     7 |     5 ||    12
         Invisible         |     1 |       ||     1
         Confused          |     4 |     2 ||     6
 Armour: Robe              |    21 |    23 ||    44
  Dodge: Dodged            |    73 |    86 ||   159
